 Dungeon Crawl Stone Soup version 0.32-a0-391-gce5c0aab1b (webtiles) character file.

Game seed: 5981903570170027091

153 Jib19100 the Slasher (level 5, -1/48 HPs)
             Began as a Minotaur Berserker on Feb 19, 2024.
             Was a Believer of Trog.
             Slain by a goblin
             ... wielding a +0 dagger
             ... led by Robin
              (3 damage)
             ... on level 3 of the Dungeon.
             The game lasted 00:09:32 (1827 turns).

Jib19100 the Slasher (Minotaur Berserker)           Turns: 1827, Time: 00:09:32

Health: -1/48      AC:  2    Str: 23    XL:     5   Next: 12%
Magic:  4/4        EV: 12    Int:  4    God:    Trog [**....]
Gold:   63         SH:  0    Dex: 10    Spells: 4/4 levels left

rFire   . . .        a - +0 falchion
rCold   . . .        (no shield)
rNeg    . . .        b - +0 animal skin
rPois   .            (helmet restricted)
rElec   .            (no cloak)
rCorr   .            (no gloves)
SInv    .            (no boots)
Will    .....        e - amulet of the acrobat
Stlth   +            (no ring)
HPRegen 0.28/turn    (no ring)
MPRegen 0.09/turn

%: acrobat
@: no status effects
A: horns 2, retaliatory headbutt
a: Renounce Religion, Berserk, Trog's Hand


You were on level 3 of the Dungeon.
You worshipped Trog.
Trog was pleased with you.
You visited 1 branch of the dungeon, and saw 3 of its levels.

You collected 63 gold pieces.

Inventory:

Hand Weapons
 a - a +0 falchion (weapon)
Missiles
 h - 6 poisoned darts (quivered)
Armour
 b - a +0 animal skin (worn)
Jewellery
 e - an amulet of the acrobat (around neck)
 m - an amulet of reflection
Wands
 j - a wand of quicksilver (5)
Scrolls
 c - 3 scrolls of identify {unknown}
 g - 2 scrolls of teleportation {unknown}
 k - a scroll of enchant weapon {unknown}
Potions
 d - 3 potions of ambrosia {unknown}
 f - 4 potions of curing {unknown}
 i - a potion of might {unknown}
 l - a potion of berserk rage {unknown}


   Skills:
 * Level 5.1 Fighting
 * Level 5.1 Long Blades
 + Level 3.3 Armour
 + Level 3.0 Dodging


You had 4 spell levels left.
You didn't know any spells.
Your spell library contained the following spells:

 Spells                   Type           Power      Damage    Failure   Level
 Sublimation of Blood     Necr           0%         N/A       65%         2
 Ozocubu's Armour         Ice            0%         N/A       86%         3
 Volatile Blastmotes      Fire/Tloc      0%         2d10      86%         3
 Fulminant Prism          Conj/Alch      0%         3d5       99%         4
 Iskenderun's Mystic Bla  Conj/Tloc      0%         2d3       99%         4
 Petrify                  Alch/Erth      0%         N/A       99%         4
 Irradiate                Conj/Alch      0%         3d11      100%        5
 Metabolic Englaciation   Hex/Ice        0%         N/A       100%        5
 Sculpt Simulacrum        Ice/Alch       0%         N/A       100%        6


Dungeon Overview and Level Annotations

Branches:
Dungeon (3/15)

Altars:


Innate Abilities, Weirdness & Mutations

You have a pair of horns on your head.
You reflexively headbutt those who attack you in melee.


Message History

The goblin hits you but does no damage. Robin throws the goblin at you!
The hobgoblin closely misses you. You furiously retaliate!
You headbutt the hobgoblin. The goblin barely misses you.
You furiously retaliate!
You headbutt the goblin, but do no damage.
Aiming: Quicksilver Bolt
Press: ? - help, Q - select action, (/) - cycle Shift-Dir - straight line The bolt of dispelling energy hits the hobgoblin!
You kill the hobgoblin!
Trog accepts your kill.
The bolt of dispelling energy hits the frilled lizard!
You kill the frilled lizard!
Trog accepts your kill. The goblin barely misses you.
Robin laughs in a distinctly smug fashion.
The goblin hits you but does no damage. The goblin barely misses you.
You furiously retaliate!
You headbutt the goblin, but do no damage.
You have reached level 5!
Aiming: Quicksilver Bolt
Press: ? - help, Q - select action, (/) - cycle Shift-Dir - straight line, f - Robin
Aim: Robin, wielding a +0 short sword, wearing a +0 animal skin and wearing a +0 helmet (almost dead, 79% to hit)
The bolt of dispelling energy hits the hobgoblin!!
You kill the hobgoblin!
Trog accepts your kill.
The bolt of dispelling energy hits Robin!
You kill Robin!
Trog accepts your kill. The goblin completely misses you.
The goblin barely misses you. The endoplasm freezes you.
You are frozen.
* * * LOW HITPOINT WARNING * * *
The goblin closely misses you.
Your Dodging skill increases to level 3!
Aiming: Quicksilver Bolt
Press: ? - help, Q - select action, (/) - cycle Shift-Dir - straight line, f - goblin
Aim: a goblin, wielding a +0 club (strong, 64% to hit)
The bolt of dispelling energy misses the goblin.
The goblin hits you with a +0 dagger.
You die...

#........# #........#
...... ##........# ......
########.........##......
.....#...........#.......
#.............#.......
##..#.........#.......
#.....<....gg#.......
.............g@))†....#
...#############J.......
.... ....#.../ ... ....##
... ... ..l... . ..
...##### .... .#..#


You could see an endoplasm and 3 goblins.

Vanquished Creatures
  Robin (D:3)
  3 gnolls (D:2)
  3 adders (D:2)
  4 ball pythons
  2 endoplasms (D:2)
  A giant cockroach (D:2)
  15 goblins
  5 hobgoblins
  3 jackals (D:2)
  2 kobolds
  A quokka (D:2)
  2 bats (D:2)
  4 frilled lizards
  4 rats
50 creatures vanquished.

Notes
Turn   | Place    | Note
-------+----------+-------------------------------------------
     0 | D:1      | Jib19100 the Minotaur Berserker began the quest for the
                  | Orb.
     0 | D:1      | Reached XP level 1. HP: 19/19 MP: 0/0
   166 | D:1      | Reached XP level 2. HP: 27/27 MP: 1/1
   822 | D:2      | Reached XP level 3. HP: 28/33 MP: 2/2
   946 | D:2      | Reached ** piety under Trog
   964 | D:2      | Reached XP level 4. HP: 35/41 MP: 3/3
  1484 | D:2      | Found a faded altar of an unknown god.
  1805 | D:3      | Noticed Robin
  1812 | D:3      | Reached skill level 5 in Long Blades
  1822 | D:3      | Reached skill level 5 in Fighting
  1826 | D:3      | Reached XP level 5. HP: 5/48 MP: 4/4
  1826 | D:3      | Killed Robin
  1826 | D:3      | HP: 1/48 [frozen (4)]
  1827 | D:3      | Slain by a goblin

Illustrated notes

Levels and vault maps discovered:
D:1:      heliophobic_arrival_dark_side_of_the_moon, layout_rooms
D:2:      minmay_alternating_diamond, layout_rooms,
          ebering_ecumenical_altar_petrified, chequers_serial_rivers_micro_b,
          kennysheep_generic_room_16
D:3:      layout_rooms, lemuel_doored_altar, nicolae_qazlal_eye_of_the_storm,
          uniq_natasha, uniq_grinder, uniq_robin

Skill      XL: |  1  2  3  4  5 |
---------------+----------------+-----
Fighting       | 4 5 |  5.1
Long Blades    | 4 5 |  5.1
Armour         | 3 |  3.3
Dodging        | 3 |  3.0

Action                     |  1- 3 |  4- 6 || total
---------------------------+-------+-------++-------
  Melee: Falchion          |    60 |    34 ||    94
         Headbutt          |     8 |     4 ||    12
 Invoke: Trog's Hand       |       |     1 ||     1
  Evoke: Wand              |       |     4 ||     4
 Armour: Animal skin       |    28 |    30 ||    58
  Dodge: Dodged            |    55 |    47 ||   102

Table legend: (Time is in decaauts)
 A = Elapsed time spent in this place.
 B = Non-inter-level travel time spent in this place.
 C = Inter-level travel time spent in this place.
 D = Time resting spent in this place.
 E = Time spent auto-exploring this place.
 F = Levels seen in this place.
 G = Mean time per level.
                   A        B        C        D        E       F      G
               +--------+--------+--------+--------+--------+-----+--------+
         Total |   1834 |   1668 |    166 |    530 |    877 |   3 |  611.3 |
       Dungeon |   1834 |   1668 |    166 |    530 |    877 |   3 |  611.3 |
               +--------+--------+--------+--------+--------+-----+--------+

Top non-repeatable levels by time:
     D:2: 1014 daAuts
     D:1: 778 daAuts
     D:3: 41 daAuts
